 Dungeon Crawl Stone Soup version 0.29-a0-878-g7b45a56547 (webtiles) character file.

Game seed: 2951183576895283905

2775 kevlar127 the Grappler (level 9, 0/88 (92) HPs)
             Began as a Troll Berserker on July 20, 2022.
             Was a Priest of Trog.
             Slain by a killer bee (3 damage)
             ... on level 8 of the Dungeon.
             The game lasted 00:10:03 (6128 turns).

kevlar127 the Grappler (Troll Berserker)            Turns: 6128, Time: 00:10:03

HP:   0/88 (92)     AC: 10    Str: 35    XL:     9   Next: 42%
MP:   8/8           EV: 10    Int:  3    God:    Trog [***...]
Gold: 504           SH:  0    Dex:  7    Spells: 8/8 levels left

rFire   . . .      SeeInvis .     - Unarmed
rCold   . . .      Faith    .   (no shield)
rNeg    . . .      Spirit   .   v - +2 robe of Pantheism {Str+4 Dex-2 Stlth+}
rPois   .          Reflect  .   (helmet restricted)
rElec   .          Harm     .   (no cloak)
rCorr   .          Rampage  .   (gloves unavailable)
Will    +++..                   (boots unavailable)
Stlth   ++........              (no amulet)
HPRegen 2.04/turn               n - +4 ring of protection
MPRegen 0.11/turn               w - ring of willpower

@: lethally poisoned (0 -> -14), strong-willed, regenerating, lightly drained
A: large, unfitting armour, claws 3, regeneration 1, shaggy fur 1, tough skin 1
a: Renounce Religion, Berserk, Trog's Hand


You were on level 8 of the Dungeon.
You worshipped Trog.
Trog was most pleased with you.
You visited 1 branch of the dungeon, and saw 8 of its levels.
You also visited: Sewer.

You collected 504 gold pieces.

Inventory:

Missiles
 f - 40 stones
 p - 2 throwing nets
 x - 3 curare-tipped darts
 A - 7 boomerangs (quivered)
 D - 6 silver javelins
Armour
 v - the +2 robe of Pantheism (worn) {Str+4 Dex-2 Stlth+}
   (You found it on level 2 of the Dungeon)

   Str:       It affects your strength (+4).
   Dex:       It affects your dexterity (-2).
   Stlth:     It makes you more stealthy.
Jewellery
 n - a +4 ring of protection (left claw)
 w - a ring of willpower (right claw)
 y - a ring of resist corrosion
 J - a ring of positive energy
Wands
 B - a wand of mindburst (15)
 E - a wand of light (8)
Scrolls
 b - a scroll of blinking {unknown}
 c - 2 scrolls of fog {unknown}
 d - 3 scrolls of identify {unknown}
 e - 4 scrolls of vulnerability {unknown}
 l - 4 scrolls of fear {unknown}
 o - 2 scrolls of poison
 r - 2 scrolls of silence {unknown}
 s - 6 scrolls of teleportation {unknown}
 z - a scroll of torment {unknown}
 C - 2 scrolls of brand weapon {unknown}
 F - a scroll of magic mapping {unknown}
 H - a scroll of immolation {unknown}
 I - a scroll of enchant weapon {unknown}
Potions
 a - 2 potions of might {unknown}
 g - a potion of attraction {unknown}
 h - 2 potions of invisibility {unknown}
 i - a potion of heal wounds {unknown}
 j - a potion of degeneration {unknown}
 k - 4 potions of haste {unknown}
 m - 2 potions of flight {unknown}
 q - 2 potions of berserk rage
 t - 3 potions of mutation {unknown}
 u - 3 potions of curing {unknown}
 G - a potion of lignification {unknown}


   Skills:
 + Level 6.8 Fighting
 + Level 4.1 Throwing
 - Level 4.0 Armour
 - Level 3.0 Dodging
 + Level 8.2 Unarmed Combat


You had 8 spell levels left.
You didn't know any spells.
Your spell library was empty.

Dungeon Overview and Level Annotations

Branches:
Dungeon (8/15)             Temple (0/1) D:5           Sewer (visited)
   Lair: D:8-11

Altars:
Ashenzari
Elyvilon
Yredelemnul
The Shining One

Shops:
D:5 (


Innate Abilities, Weirdness & Mutations

You are too large for most types of armour.
You have claws for hands.
Your natural rate of healing is unusually fast.
You are covered in fur. (AC +1)
You have tough skin. (AC +1)


Message History

The killer bee stings you but does no damage.
You completely miss the killer bee.
You feel sick.
The killer bee stings you but does no damage.
The killer bee barely misses you. The killer bee stings you.
You are more poisoned.
The killer bee poisons you! The killer bee barely misses you.
The killer bee stings you but does no damage. x2
The killer bee stings you.
You are more poisoned.
The killer bee poisons you! The killer bee stings you!
Your skin crawls.
You feel strong-willed.
You can no longer call in reinforcements.
You feel very sick. The killer bee stings you.
You are more poisoned.
The killer bee poisons you! The killer bee stings you.
* * * LOW HITPOINT WARNING * * *
The killer bee barely misses you.
The killer bee stings you but does no damage.
The killer bee barely misses you. x2; The killer bee closely misses you.
The killer bee stings you!
* * * LOW HITPOINT WARNING * * *
You are more poisoned.
The killer bee poisons you!
The air fills with toxic fumes!
As you read the scroll labelled TYLEAV QA TAKH, it crumbles to dust.
It was a scroll of poison.
* * * LOW HITPOINT WARNING * * *
You feel extremely sick. The killer bee stings you!
* * * LOW HITPOINT WARNING * * *
You are more poisoned.
The killer bee poisons you!
The killer bee stings you but does no damage.
The killer bee closely misses you. The killer bee stings you.
* * * LOW HITPOINT WARNING * * *
The killer bee stings you but does no damage. x2
The killer bee stings you.
You die...

..# §§§ §§§ #§####
.. #§§§§# #..
##§§§§#
§§§###§§§§§#§#§.
§§§§§§§yy§§§§§§.
..#§§§@y###....
#.#§§§y## .
#.#§§§§#
#.####§####..
#....§§§......
#....§§###....
###########.###§##
.. ............#
#§.# ##.###.####.#
#..#


You could see 4 killer bees.

Vanquished Creatures
  Sigmund (D:4)
  3 yaks
  2 water moccasins
  A sky beast (D:7)
  2 ice beasts
  2 black bears
  A centaur (D:7)
  An ogre (D:4)
  Blork the orc (D:6)
  3 bullfrogs
  A necrophage (D:3)
  4 scorpions
  A wight (D:8)
  A killer bee (D:8)
  2 howler monkeys
  A hound (D:6)
  2 gnoll boudas
  2 jellies (D:7)
  4 iguanas
  3 orc wizards
  8 gnolls
  5 adders
  3 river rats (D:5)
  5 worms
  4 dart slugs
  12 orcs
  7 endoplasms
  A giant cockroach (D:4)
  6 hobgoblins
  7 jackals
  12 kobolds
  5 quokkas
  7 ball pythons
  14 bats
  2 frilled lizards
  9 goblins
  6 rats
151 creatures vanquished.

Notes
Turn   | Place    | Note
-------+----------+-------------------------------------------
     0 | D:1      | kevlar127 the Troll Berserker began the quest for the Orb.
     0 | D:1      | Reached XP level 1. HP: 22/22 MP: 0/0
   139 | D:1      | Reached XP level 2. HP: 29/29 MP: 1/1
   270 | D:1      | Reached ** piety under Trog
   839 | D:2      | Reached XP level 3. HP: 10/36 MP: 2/2
   846 | D:2      | Reached XP level 4. HP: 8/45 MP: 3/3
  1119 | D:2      | Reached skill level 4 in Unarmed Combat
  1219 | D:2      | Found a faded altar of an unknown god.
  1340 | D:2      | Identified the +2 robe of Pantheism {Str+4 Dex-2 Stlth+}
  1595 | D:3      | Noticed a necrophage
  1601 | D:3      | Killed a necrophage
  1602 | D:3      | Reached XP level 5. HP: 52/53 MP: 4/4
  1616 | D:3      | Reached skill level 1 in Armour
  2012 | D:3      | Reached *** piety under Trog
  2272 | D:4      | Noticed Sigmund
  2298 | D:4      | Killed Sigmund
  2299 | D:4      | Reached skill level 5 in Unarmed Combat
  2299 | D:4      | Reached XP level 6. HP: 19/62 MP: 5/5
  3556 | D:5      | Entered Level 5 of the Dungeon
  3607 | D:5      | Reached XP level 7. HP: 66/71 MP: 6/6
  3662 | D:5      | Found a staircase to the Ecumenical Temple.
  3898 | D:5      | Found a glowing drain.
  3908 | Sewer    | Entered a sewer
  4086 | D:5      | Found Qisad's Weapon Shop.
  4290 | D:6      | Reached skill level 5 in Fighting
  4290 | D:6      | Reached skill level 6 in Unarmed Combat
  4295 | D:6      | Noticed Blork the orc
  4312 | D:6      | Killed Blork the orc
  4315 | D:6      | Reached **** piety under Trog
  4316 | D:6      | Reached XP level 8. HP: 58/80 MP: 7/7
  4596 | D:6      | Found a broken altar of Ashenzari.
  5136 | D:7      | Reached skill level 1 in Throwing
  5299 | D:7      | Reached skill level 7 in Unarmed Combat
  5303 | D:7      | Found a glowing golden altar of the Shining One.
  5518 | D:7      | Reached XP level 9. HP: 89/89 MP: 8/8
  5739 | D:7      | Identified the +0 hand axe of the End {speed, *Noise rPois
                  | Str+2 Int+7}
  5784 | D:7      | Found a basalt altar of Yredelemnul.
  5847 | D:7      | Reached skill level 8 in Unarmed Combat
  6106 | D:8      | Found a white marble altar of Elyvilon.
  6128 | D:8      | HP: 4/88 [killer bee (8)]
  6128 | D:8      | Slain by a killer bee

Illustrated notes

Levels and vault maps discovered:
D:1:      mrwooster_arrival_arrow, layout_loops_ring, minmay_misc_feat_encased
D:2:      layout_basic, shapermc_ecumenical_altar_starsandcircs
D:3:      layout_loops_cross, chequers_mini_garden
D:4:      layout_layer_cave, uniq_sigmund
D:5:      layout_loops_cross, minmay_temple_entry_water_ring, serial_shops,
          shop, lightli_sewer_entry_pipes, kennysheep_generic_room_2
D:6:      layout_rooms, mainiacjoe_overflow_six_doors_small,
          minmay_tree_intersection, uniq_blork_the_orc
D:7:      layout_basic, nicolae_overflow_hidden_temple,
          mainiacjoe_overflow_24_doors
D:8:      layout_cave_pods, nicolae_overflow_crystal_walls, minmay_diced_spiral,
          uniq_grum

Skill      XL: |  1  2  3  4  5  6  7  8  9 |
---------------+----------------------------+-----
Fighting       | 3 4 5 6 |  6.8
Dodging        | 3 |  3.0
Unarmed Combat | 4 5 6 7 8 |  8.2
Armour         | 2 3 4 |  4.0
Throwing       | 2 4 |  4.1

Action                   |  1- 3 |  4- 6 |  7- 9 || total
-------------------------+-------+-------+-------++-------
Melee: Unarmed           |    64 |   135 |   192 ||   391
       Punch             |     2 |       |     4 ||     6
Throw: Boomerang         |       |       |     1 ||     1
Invok: Berserk           |     1 |     2 |     1 ||     4
       Trog's Hand       |       |       |     1 ||     1
  Use: Scroll            |       |       |     1 ||     1
 Stab: Sleeping          |       |     4 |     5 ||     9
Armor: Animal skin       |    37 |    12 |       ||    49
       Robe              |       |    62 |   113 ||   175
Dodge: Dodged            |    28 |    54 |   158 ||   240

Table legend: (Time is in decaauts)
 A = Elapsed time spent in this place.
 B = Non-inter-level travel time spent in this place.
 C = Inter-level travel time spent in this place.
 D = Time resting spent in this place.
 E = Time spent auto-exploring this place.
 F = Levels seen in this place.
 G = Mean time per level.
                   A        B        C        D        E       F      G
               +--------+--------+--------+--------+--------+-----+--------+
         Total |   6161 |   5808 |    353 |    532 |   4335 |   9 |  684.6 |
       Dungeon |   6068 |   5715 |    353 |    532 |   4291 |   8 |  758.5 |
         Sewer |     92 |     92 |      0 |      0 |     44 |   1 |   92.0 |
               +--------+--------+--------+--------+--------+-----+--------+

Top non-repeatable levels by time:
     D:4: 1344 daAuts
     D:7: 948 daAuts
     D:1: 791 daAuts
     D:2: 774 daAuts
     D:6: 729 daAuts
     D:5: 665 daAuts
     D:3: 656 daAuts
     D:8: 159 daAuts
   Sewer: 92 daAuts
